 Dungeon Crawl Stone Soup version 0.28-a0-687-gb91baff9cc (webtiles) character file.

Game seed: 6478761661067951587

67 pop123321pop the Grave Robber (level 4, 0/30 HPs)
             Began as a Mummy Necromancer on Oct 20, 2021.
             Slain by a centaur skeleton (1 damage)
             ... on level 3 of the Dungeon.
             The game lasted 00:05:50 (2805 turns).

pop123321pop the Grave Robber (Mummy Necromancer)   Turns: 2805, Time: 00:05:51

Health: 0/30       AC:  2    Str: 11    XL:     4   Next: 0%
Magic:  6/8        EV: 12    Int: 15    God:
Gold:   81         SH:  0    Dex: 12    Spells: 7/8 levels left

rFire   x . .      SeeInvis .   (no weapon)
rCold   + . .      Faith    .   (no shield)
rNeg    + + +      Spirit   .   a - +0 robe
rPois   ∞          Reflect  .   (no helmet)
rElec   .          Harm     .   (no cloak)
rCorr   .          Rampage  .   (no gloves)
Will    .....                   (no boots)
Stlth   ++........              (no amulet)
HPRegen 0.10/turn               (no ring)
MPRegen 0.11/turn               (no ring)

@: no status effects
A: cold resistance 1, negative energy resistance 3, torment resistance 2, heat
vulnerability 1, no potions
a: no special abilities


You were on level 3 of the Dungeon.
You visited 1 branch of the dungeon, and saw 3 of its levels.

You collected 81 gold pieces.

Inventory:

Armour
 a - a +0 robe (worn)
Scrolls
 b - 2 scrolls of amnesia {unknown}
 c - 2 scrolls of identify {unknown}
 d - a scroll of torment {unknown}
 e - 3 scrolls of noise {unknown}


   Skills:
 - Level 1.5 Dodging
 - Level 1.5 Stealth
 - Level 2.6 Spellcasting
 * Level 5.6 Necromancy


You had 7 spell levels left.
You knew the following spells:

 Your Spells              Type           Power      Damage    Failure   Level
a - Pain                  Necr           72%        1d7       1%          1

Your spell library contained the following spells:

 Spells                   Type           Power      Damage    Failure   Level
 Animate Skeleton         Necr           36%        N/A       1%          1
 Vampiric Draining        Necr           9%         2d7       6%          3
 Animate Dead             Necr           9%         N/A       21%         4
 Agony                    Necr           18%        N/A       50%         5


Dungeon Overview and Level Annotations

Branches:
Dungeon (3/15)

Altars:
Hepliaklqana

Shops:
D:1 (


Innate Abilities, Weirdness & Mutations

You are immune to poison.
Your flesh is cold resistant. (rC+)
You are immune to negative energy. (rN+++)
You are immune to unholy pain and torment.
You are vulnerable to heat. (rF-)
You do not drink.


Message History

The centaur skeleton closely misses you.
The centaur skeleton misses you. The centaur skeleton kicks you.
You hit the centaur skeleton.
The centaur skeleton is moderately damaged.
The centaur skeleton hits you.
* * * LOW HITPOINT WARNING * * *
The centaur skeleton kicks you but does no damage.
You hit the centaur skeleton.
The centaur skeleton is heavily damaged.
The centaur skeleton closely misses you.
The centaur skeleton kicks you but does no damage.
The centaur skeleton hits you.
* * * LOW HITPOINT WARNING * * *
The centaur skeleton misses you. The centaur skeleton misses you.
The centaur skeleton kicks you.
* * * LOW HITPOINT WARNING * * *
You hit the centaur skeleton.
The centaur skeleton is heavily damaged.
The centaur skeleton barely misses you.
The centaur skeleton kicks you but does no damage.
You hit the centaur skeleton.
The centaur skeleton is severely damaged.
The centaur skeleton hits you.
* * * LOW HITPOINT WARNING * * *
The centaur skeleton kicks you.
* * * LOW HITPOINT WARNING * * *
You hit the centaur skeleton.
The centaur skeleton is severely damaged.
The centaur skeleton closely misses you.
The centaur skeleton kicks you but does no damage.
The centaur skeleton barely misses you.
The centaur skeleton completely misses you.
You hit the centaur skeleton but do no damage.
The centaur skeleton is severely damaged.
The centaur skeleton hits you but does no damage.
The centaur skeleton kicks you but does no damage.
You hit the centaur skeleton but do no damage.
The centaur skeleton is severely damaged.
The centaur skeleton hits you.
You die...

.### #.........#+#
....####.#######.#.#
.......#.#...##....#
.......#.#.#.##....#
###
.......#.#.#.##....#
#..
.......#.#.#.##....#
#..
.........#.#.......#
#..
#...#..............#
#.. #
#...@Z.........# #..
#..............####..
######+####..........
########... #... #...
..... ####.. #..


You could see a centaur skeleton.

Vanquished Creatures
  An adder (D:3)
  3 worms (D:2)
  A dart slug (D:3)
  5 bats
  7 endoplasms
  3 giant cockroaches
  2 goblins
  3 hobgoblins (D:1)
  3 jackals (D:1)
  2 kobolds
  2 quokkas
  3 ball pythons
  7 frilled lizards
  2 rats
44 creatures vanquished.

Notes
Turn   | Place    | Note
-------+----------+-------------------------------------------
     0 | D:1      | pop123321pop the Mummy Necromancer began the quest for the
                  | Orb.
     0 | D:1      | Reached XP level 1. HP: 13/13 MP: 4/4
   475 | D:1      | Reached XP level 2. HP: 19/19 MP: 0/5
   532 | D:1      | Found Arhatur's Antique Weapon Boutique.
   602 | D:1      | Found a faded altar of an unknown god.
  1510 | D:1      | Reached skill level 5 in Necromancy
  1536 | D:1      | Reached XP level 3. HP: 24/24 MP: 4/7
  2087 | D:2      | Found a hazy altar of Hepliaklqana.
  2771 | D:3      | Reached XP level 4. HP: 30/30 MP: 2/8
  2802 | D:3      | HP: 1/30 [centaur skeleton (1)]
  2805 | D:3      | Slain by a centaur skeleton

Illustrated notes

Levels and vault maps discovered:
D:1:      dpeg_arrival_circle_labyrinth_a, layout_basic,
          ebering_ecumenical_altar_sacrificial, serial_shops, shop_fountains,
          minmay_pentomino_u4
D:2:      layout_basic, basic_altar
D:3:      layout_basic, kennysheep_orc_sif_temple, nemelex_dance_club_becter

Skill      XL: |  1  2 |
---------------+-------+-----
Necromancy     | 5 |  5.6
Dodging        | |  1.5
Stealth        | |  1.5
Spellcasting   | |  2.6

Action                   |  1- 3 |  4- 6 || total
-------------------------+-------+-------++-------
Melee: Unarmed           |    40 |    15 ||    55
 Cast: Pain              |    99 |       ||    99
Armor: Robe              |    28 |    10 ||    38
Dodge: Dodged            |    66 |    23 ||    89

Table legend: (Time is in decaauts)
 A = Elapsed time spent in this place.
 B = Non-inter-level travel time spent in this place.
 C = Inter-level travel time spent in this place.
 D = Time resting spent in this place.
 E = Time spent auto-exploring this place.
 F = Levels seen in this place.
 G = Mean time per level.
                   A        B        C        D        E       F      G
               +--------+--------+--------+--------+--------+-----+--------+
         Total |   2805 |   2718 |     87 |    328 |   1971 |   3 |  935.0 |
       Dungeon |   2805 |   2718 |     87 |    328 |   1971 |   3 |  935.0 |
               +--------+--------+--------+--------+--------+-----+--------+

Top non-repeatable levels by time:
     D:1: 1871 daAuts
     D:2: 745 daAuts
     D:3: 188 daAuts
